 Dungeon Crawl Stone Soup version 0.15-a0-2265-gb33f7a6 (console) character file.

77 DeepElves the Magician (level 4, 0/24 HPs)
             Began as a Deep Elf Ice Elementalist on July 27, 2014.
             Slain by an adder zombie (2 damage)
             ... on Level 5 of the Dungeon.
             The game lasted 00:02:49 (366 turns).

DeepElves the Magician (Deep Elf Ice Elementalist)   Turns: 366, Time: 00:02:49

HP   0/24        AC  2     Str  5      XL: 4   Next: 14%
MP   9/15        EV 13     Int 21      God:
Gold 50          SH  0     Dex 15      Spells:  2 memorised,  8 levels left

rFire  . . .     SeeInvis .     n - +0 trident
rCold  . . .     Clarity  .     a - +0 robe
rNeg   . . .     rCorr    .     (no shield)
rPois  .         rRot     .     (no helmet)
rElec  .         Spirit   .     (no cloak)
SustAb .         Warding  .     (no gloves)
rMut   .         Stasis   .     (no boots)
Gourm  .                        (no amulet)
MR     .....                    (no ring)
                                (no ring)

@: not resistant to hostile enchantments, unstealthy
A: no striking features
a: no special abilities


You were on level 5 of the Dungeon.
You were not hungry.

You visited 1 branch of the dungeon, and saw 5 of its levels.

You collected 50 gold pieces.

Inventory:

Hand weapons
 k - a +0 short sword
 n - a +0 trident (weapon)
Armour
 a - a +0 robe (worn)
Comestibles
 c - 2 bread rations
 g - a meat ration
Scrolls
 f - a scroll of random uselessness {unknown}
 i - a scroll of remove curse {unknown}
 l - 2 scrolls of recharging {unknown}
 m - a scroll of enchant weapon {unknown}
 p - a scroll of immolation {unknown}
Potions
 d - a potion of heal wounds {unknown}
 e - a potion of curing
 j - a potion of restore abilities {unknown}
 o - a potion of brilliance
Books
 b - a book of Frost

   Spells                             Type                      Level
   *Freeze                            Ice                          1
   *Throw Frost                       Conjuration/Ice              2
   Ozocubu's Armour                   Charms/Ice                   3
   Throw Icicle                       Conjuration/Ice              4
   Summon Ice Beast                   Ice/Summoning                4
   Condensation Shield                Ice                          4


   Skills:
 - Level 2.4 Dodging
 - Level 2.4 Stealth
 - Level 4.0 Spellcasting
 - Level 3.8 Conjurations
 + Level 3.2 Ice Magic


You had 8 spell levels left.
You knew the following spells:

 Your Spells              Type           Power        Failure   Level  Hunger
a - Freeze                Ice            ###.         3%          1    None
b - Throw Frost           Conj/Ice       ###...       4%          2    #......


Dungeon Overview and Level Annotations

Branches:
Dungeon (5/15)
 Temple: D:4-7

Altars:

Annotations:
D:4 DeepElves' ghost, weakling DEIE


Message History

Okay, then.
You see here a hound corpse.
f - a scroll labeled MUCVICILIA You see here a hound corpse.
There is a stone staircase leading down here.
You climb downwards.
An adder zombie comes into view.
There is a stone staircase leading up here.
Attack whom?
Press: ? - help, Dir - move target cursor, f - adder zombie
Aim: an adder zombie You reach to attack!
You closely miss the adder zombie.
You hit the adder zombie but do no damage.
The adder zombie barely misses you. The adder zombie misses you.
You hit the adder zombie. The adder zombie bites you.
* * * LOW HITPOINT WARNING * * *
You puncture the adder zombie! The adder zombie closely misses you.
You completely miss the adder zombie. The adder zombie barely misses you.
The adder zombie bites you.
You die...

### ..# ... #.#
#.# # #.# #
#.#.#.# #..@..#
........Z........
...............
.≈.≈≈≈≈≈≈≈≈≈≈≈≈
≈≈≈≈≈≈≈≈≈≈≈≈≈≈≈
≈≈≈≈≈≈≈≈≈≈≈≈≈
≈#####≈≈≈≈≈ ≈≈≈≈
≈


You could see an adder zombie.

Vanquished Creatures
  A hound (D:4)
  3 adders
  An orc (D:3)
  4 bats
  A goblin (D:2)
  A hobgoblin (D:2)
  A ball python (D:4)
  A giant newt (D:3)
  A giant newt skeleton (D:4)
  2 kobolds (D:2)
  An orc skeleton (D:4)
  3 rats
20 creatures vanquished.

Notes
Turn   | Place    | Note
--------------------------------------------------------------
     0 | D:1      | DeepElves, the Deep Elf Ice Elementalist, began the quest for the Orb.
     0 | D:1      | Reached XP level 1. HP: 10/10 MP: 5/5
    15 | D:2      | Reached skill level 4 in Spellcasting
    15 | D:2      | Reached XP level 2. HP: 15/15 MP: 4/9
    22 | D:2      | Learned a level 2 spell: Throw Frost
   191 | D:3      | Reached XP level 3. HP: 12/19 MP: 5/12
   254 | D:4      | Noticed DeepElves' ghost (weakling DEIE)
   325 | D:4      | Reached XP level 4. HP: 2/24 MP: 3/15
   358 | D:5      | Entered Level 5 of the Dungeon
   366 | D:5      | Slain by an adder zombie

Action                   |  1- 3 |  4- 6 || total
-------------------------+-------+-------++-------
Melee: Unarmed           |     3 |       ||     3
       Trident           |     9 |     5 ||    14
 Cast: Freeze            |    28 |     1 ||    29
       Throw Frost       |     1 |       ||     1
  Use: Scroll            |     3 |       ||     3
